 Dungeon Crawl Stone Soup version 0.28-b1-1-g3c77fb2ed1 (webtiles) character file.

Game seed: 18173878640693030923

125 Descartes the Grasshopper (level 4, -3/19 HPs)
             Began as a Felid Warper on Jan 28, 2022.
             Slain by an iguana (9 damage)
             ... on level 4 of the Dungeon.
             The game lasted 00:10:13 (6661 turns).

Descartes the Grasshopper (Felid Warper)            Turns: 6661, Time: 00:10:13

Health: -3/19      AC:  1    Str:  9    XL:     4   Next: 82%
Magic:  8/8        EV: 19    Int: 14    God:
Gold:   129        SH:  0    Dex: 16    Spells: 0/7 levels left
                                        Lives:  0   Deaths: 1

rFire   . . .      SeeInvis +     - Unarmed
rCold   . . .      Faith    .   (shield unavailable)
rNeg    . . .      Spirit   .   (armour unavailable)
rPois   .          Reflect  .   (helmet unavailable)
rElec   .          Harm     .   (cloak unavailable)
rCorr   .          Rampage  .   (gloves unavailable)
Will    .....                   (boots unavailable)
Stlth   +++.......              (no amulet)
HPRegen 0.06/turn               (no ring)
MPRegen 0.11/turn               (no ring)

@: quick
A: very small, claws 1, fangs 3, see invisible, speed 1, shaggy fur 1, stealthy
paws, no weapons or thrown items, no armour, multi-lived
a: no special abilities


You were on level 4 of the Dungeon.
You visited 1 branch of the dungeon, and saw 4 of its levels.

You collected 129 gold pieces.

Inventory:

Missiles
 c - 29 stones
Jewellery
 k - a ring of wizardry
Wands
 l - a wand of iceblast (8)
Scrolls
 a - a scroll of blinking
 d - a scroll of amnesia {unknown}
 f - 2 scrolls of identify {unknown}
 g - a scroll of teleportation {unknown}
 j - a scroll of immolation {unknown}
Potions
 b - a potion of invisibility {unknown}
 e - a potion of brilliance {unknown}
 h - a potion of might
 i - a potion of heal wounds {unknown}
 m - a potion of degeneration {unknown}


   Skills:
 - Level 2.0 Fighting
 - Level 5.0 Dodging
 + Level 4.6 Stealth
 + Level 3.9 Unarmed Combat
 - Level 2.0 Spellcasting
 - Level 5.0 Translocations


You couldn't memorise any spells.
You knew the following spells:

 Your Spells              Type           Power      Damage    Failure   Level
a - Blink                 Tloc           30%        N/A       4%          2
b - Manifold Assault      Tloc           15%        N/A       63%         5

Your spell library contained the following spells:

 Spells                   Type           Power      Damage    Failure   Level
 Gell's Gravitas          Tloc           15%        N/A       9%          3
 Lesser Beckoning         Tloc           15%        N/A       9%          3
 Teleport Other           Tloc           15%        N/A       9%          3


Dungeon Overview and Level Annotations

Branches:
Dungeon (4/15)
 Temple: D:4-7

Altars:

Shops:
D:1 =


Innate Abilities, Weirdness & Mutations

You have sharp claws.
You have razor-sharp teeth.
You have supernaturally acute eyesight. (SInv)
You cover ground quickly. (Speed+)
You are covered in fur. (AC +1)
Your paws help you pounce on unaware monsters.
You are incapable of wielding weapons or throwing items.
You cannot wear armour.
You gain extra lives every three experience levels.


Message History

You scratch the gnoll but do no damage. The gnoll misses you.
You scratch the gnoll. Your bite misses the gnoll.
The gnoll is lightly wounded.
The gnoll misses you.
You scratch the gnoll.
The gnoll is heavily wounded.
The gnoll hits you with a +0 club! The gnoll barely misses you. x2
You scratch the gnoll but do no damage.
The gnoll is heavily wounded.
The gnoll misses you. The gnoll completely misses you.
The gnoll hits you with a +0 whip!
Ouch! That really hurt!
* * * LOW HITPOINT WARNING * * *
You are too injured to fight recklessly!
You are too injured to fight recklessly!
You are too injured to fight recklessly!
You are too injured to fight recklessly!
The gnoll barely misses you.
There is a stone staircase leading up here.
You climb upwards.
There is a stone staircase leading down here.
HP restored.
Done exploring.
There is an open door here.
There is an escape hatch in the floor here.
You slide downwards.
The hatch slams shut behind you.
An iguana is nearby!
The iguana hisses angrily.
The iguana bites you!
Ouch! That really hurt!
You are too injured to fight recklessly!
You are too injured to fight recklessly!
You are too injured to fight recklessly!
You scratch the iguana.
The iguana is moderately wounded.
The iguana bites you.
You scratch the iguana. You bite the iguana, but do no damage.
The iguana is severely wounded.
The iguana bites you!
You die...

..........## ##.....#
#..........# ##...##..
#.......##.## ##...####.
###...)##...###### ##......###
######......#..## ##..#.....##
##..####.....# ##..##.....##
#..## ##....###..###.....##
##.## #.l......## #.....##
###...## #..@....## #.....##
##......## ##.......## #.....#
#........## #.....#..####..<.#
##.........# ##.รท..##..###....#
#..........## #......##..###...#
............###.#....###..###O.#
.##..........#.##....# ##..##..#
# #..........#.###...# ##...####
#...........## ##.## ###.....


You could see an iguana.

Vanquished Creatures
  Jessica (D:3)
  An iguana (D:2)
  Ijyb (D:3)
  Natasha (thrice) (D:3)
  2 adders
  An adder skeleton (D:4)
  4 dart slugs
  2 orcs (D:3)
  7 endoplasms
  3 giant cockroaches
  4 goblins
  8 hobgoblins
  4 jackals (D:3)
  A quokka (D:2)
  3 ball pythons
  3 bats
  4 frilled lizards
  7 kobolds
  6 rats
65 creatures vanquished.

Notes
Turn   | Place    | Note
-------+----------+-------------------------------------------
     0 | D:1      | Descartes the Felid Warper began the quest for the Orb.
     0 | D:1      | Reached XP level 1. HP: 9/9 MP: 4/4
   682 | D:1      | Reached skill level 1 in Stealth
   710 | D:1      | Reached XP level 2. HP: 13/13 MP: 6/6
  1734 | D:1      | Found a faded altar of an unknown god.
  2268 | D:1      | Reached XP level 3. HP: 16/16 MP: 7/7
  2273 | D:1      | Found Koew's Jewellery Shoppe.
  3125 | D:2      | Reached skill level 5 in Translocations
  3129 | D:2      | Learned a level 2 spell: Blink
  3652 | D:3      | Noticed Natasha
  3660 | D:3      | Killed Natasha
  3849 | D:3      | Reached XP level 4. HP: 19/19 MP: 8/8
  3855 | D:3      | Noticed Jessica
  3886 | D:3      | Killed Jessica
  4061 | D:3      | Noticed Natasha
  4290 | D:3      | Killed Natasha
  4481 | D:3      | Noticed Ijyb
  4498 | D:3      | Killed Ijyb
  4499 | D:3      | Reached XP level 5. HP: 14/22 MP: 9/9
  4732 | D:3      | Noticed Natasha
  4744 | D:3      | Killed Natasha
  4745 | D:3      | Reached skill level 5 in Dodging
  5694 | D:4      | Noticed an ogre
  6119 | D:4      | Learned a level 5 spell: Manifold Assault
  6325 | D:4      | Slain by an iguana
  6326 | D:4      | Reached XP level 4. HP: -1/19 MP: 5/8
  6661 | D:4      | Slain by an iguana

Illustrated notes

Levels and vault maps discovered:
D:1:      dpeg_arrival_three_smaller_balls, layout_loops_ring,
          hellmonk_ecumenical_altar_slurped_away, serial_shops,
          nicolae_shop_window_shopping
D:2:      layout_rooms
D:3:      layout_basic, uniq_jessica, uniq_natasha, uniq_ijyb
D:4:      layout_cave_pods, corexii_item_surrounded_by_moat

Skill      XL: |  1  2  3  4  5 |
---------------+----------------+-----
Stealth        | 1 2 3 4 |  4.6
Translocations | 5 |  5.0
Dodging        | 4 5 |  5.0
Unarmed Combat | 3 |  3.9
Fighting       | |  2.0
Spellcasting   | |  2.0

Action                   |  1- 3 |  4- 6 || total
-------------------------+-------+-------++-------
Melee: Unarmed           |   122 |   125 ||   247
       Bite              |    15 |    19 ||    34
       Punch             |     2 |     7 ||     9
 Cast: Blink             |       |     1 ||     1
 Stab: Sleeping          |     4 |     7 ||    11
       Distracted        |     1 |       ||     1
Armor: Skin              |     4 |     3 ||     7
Dodge: Dodged            |    93 |    89 ||   182
